[ AOE2 MATCH · #482333402 ]
UnrankedWei vs Lithuanians
[ REPLAY ANALYSIS · EXTRACTED FROM THE RECORDED GAME ]
Feudal
—
Castle
—
Imperial
—
| APM avg | 46.9 |
| APM peak | 83 |
| eAPM avg | 27.8 |
| Villagers / military | 20 / 41 |
Focus
⚔️ 98.0% · 🌾 2.0%
Unknown (1949) ×1407 · Mangonel ×35 · Unknown (1944) ×30 · Scorpion ×6 · Unknown (1954) ×6
Feudal
—
Castle
—
Imperial
—
| APM avg | 29.5 |
| APM peak | 70 |
| eAPM avg | 18.1 |
| Villagers / military | 38 / 1263 |
Focus
⚔️ 93.3% · 🌾 6.7%
Leitis ×1263
Feudal
—
Castle
—
Imperial
—
| APM avg | 45.6 |
| APM peak | 89 |
| eAPM avg | 35.8 |
| Villagers / military | 6 / 1221 |
Focus
⚔️ 97.7% · 🌾 2.3%
Camel Archer ×1047 · Mangonel ×169 · Scorpion ×5
Feudal
—
Castle
—
Imperial
—
| APM avg | 39.5 |
| APM peak | 94 |
| eAPM avg | 16.0 |
| Villagers / military | 36 / 994 |
Focus
⚔️ 92.0% · 🌾 8.0%
Berserk ×919 · Mangonel ×75
Feudal
—
Castle
—
Imperial
—
| APM avg | 28.8 |
| APM peak | 88 |
| eAPM avg | 12.6 |
| Villagers / military | 2 / 1233 |
Focus
⚔️ 93.8% · 🌾 6.2%
Longbowman ×993 · Mangonel ×240
Feudal
—
Castle
—
Imperial
—
| APM avg | 45.4 |
| APM peak | 89 |
| eAPM avg | 22.9 |
| Villagers / military | 35 / 2671 |
Focus
⚔️ 92.0% · 🌾 8.0%
Shotel Warrior ×2168 · Mangonel ×478 · Battering Ram ×25
Feudal
—
Castle
—
Imperial
—
| APM avg | 34.7 |
| APM peak | 111 |
| eAPM avg | 17.4 |
| Villagers / military | 30 / 1929 |
Focus
⚔️ 92.9% · 🌾 7.1%
Gbeto ×1501 · Mangonel ×428
Feudal
—
Castle
—
Imperial
—
| APM avg | 56.1 |
| APM peak | 134 |
| eAPM avg | 27.9 |
| Villagers / military | 13 / 1163 |
Focus
⚔️ 92.9% · 🌾 7.1%
Ballista Elephant ×1123 · Mangonel ×40
Match map
Initial resources + every placement click. Lines = walls · curves = elevation contours. ◆ gold · ⬟ stone · ● berries · ✦ relic · ◌ wall gap
Your base· Open — unwalled flank
賀翔's base· Open — unwalled flank
東's base· Open — unwalled flank
魯拉拉's base· Open — unwalled flank
AI水手全面進攻了's base· Open — unwalled flank
CHAN's base· Open — unwalled flank
Di guo小师弟's base· Open — unwalled flank
zeta's base· Open — unwalled flank
Smoothed initial terrain · ◌ = detected wall gap · hover for details
Inputs per minute
— [B] AZAR300 - - 賀翔
Build order — [B] AZAR300
First 150 of 349 actions detected
| 0:11 | Research | Iron Casting |
| 0:12 | Research | Chain Barding Armor |
| 0:17 | Research | Ballistics |
| 0:17 | Research | Bodkin Arrow |
| 0:17 | Research | Leather Archer Armor |
| 0:18 | Research | Chain Mail Armor |
| 0:19 | Research | Thumb Ring |
| 0:21 | Research | Tech 1061 |
| 0:22 | Create | Unit 1949 ×5 |
| 0:22 | Create | Unit 1949 ×5 |
| 0:22 | Create | Unit 1949 ×5 |
| 0:23 | Create | Unit 1949 ×5 |
| 0:23 | Create | Unit 1949 ×5 |
| 0:23 | Create | Unit 1949 ×5 |
| 0:23 | Create | Unit 1949 ×5 |
| 0:24 | Create | Unit 1949 ×5 |
| 0:44 | Create | Unit 1949 ×5 |
| 0:44 | Create | Unit 1949 ×5 |
| 0:44 | Create | Unit 1949 ×5 |
| 0:45 | Create | Unit 1949 ×5 |
| 2:45 | Create | Unit 1949 ×5 |
| 2:46 | Create | Unit 1949 ×5 |
| 2:46 | Create | Unit 1949 ×5 |
| 4:30 | Create | Unit 1949 ×5 |
| 4:31 | Create | Unit 1949 ×5 |
| 4:31 | Create | Unit 1949 ×5 |
| 4:31 | Create | Unit 1949 ×5 |
| 4:32 | Create | Unit 1949 ×5 |
| 4:32 | Create | Unit 1949 ×5 |
| 4:32 | Create | Unit 1949 ×5 |
| 7:05 | Create | Unit 1949 ×5 |
| 7:06 | Create | Unit 1949 ×5 |
| 7:06 | Create | Unit 1949 ×5 |
| 7:06 | Create | Unit 1949 ×5 |
| 7:07 | Create | Unit 1949 ×5 |
| 7:07 | Create | Unit 1949 ×5 |
| 7:07 | Create | Unit 1949 ×5 |
| 7:08 | Create | Unit 1949 ×5 |
| 7:16 | Create | Unit 1949 ×5 |
| 7:16 | Create | Unit 1949 ×5 |
| 7:16 | Create | Unit 1949 ×5 |
| 7:17 | Create | Unit 1949 ×5 |
| 7:17 | Create | Unit 1949 |
| 11:21 | Create | Unit 1949 ×5 |
| 11:21 | Create | Unit 1949 ×5 |
| 11:22 | Create | Unit 1949 ×5 |
| 11:22 | Create | Unit 1949 ×5 |
| 11:22 | Create | Unit 1949 ×5 |
| 11:22 | Create | Unit 1949 ×5 |
| 11:22 | Create | Unit 1949 ×5 |
| 11:23 | Create | Unit 1949 ×5 |
| 11:23 | Create | Unit 1949 ×5 |
| 11:23 | Create | Unit 1949 ×5 |
| 11:24 | Create | Unit 1949 ×5 |
| 11:24 | Create | Unit 1949 ×5 |
| 12:17 | Research | Tech 1062 |
| 12:18 | Research | Tech 1036 |
| 12:19 | Research | Conscription |
| 12:29 | Research | Blast Furnace |
| 12:30 | Research | Bracer |
| 12:30 | Research | Ring Archer Armor |
| 12:31 | Research | Chemistry |
| 12:32 | Research | Parthian Tactics |
| 14:24 | Create | Unit 1949 ×5 |
| 14:25 | Create | Unit 1949 ×5 |
| 14:25 | Create | Unit 1949 ×5 |
| 15:43 | Create | Unit 1949 ×5 |
| 15:43 | Create | Unit 1949 ×5 |
| 15:44 | Create | Unit 1949 ×5 |
| 15:44 | Create | Unit 1949 ×5 |
| 15:44 | Create | Unit 1949 ×5 |
| 15:44 | Create | Unit 1949 ×5 |
| 15:45 | Create | Unit 1949 ×5 |
| 15:45 | Create | Unit 1949 ×5 |
| 15:45 | Create | Unit 1949 ×5 |
| 15:45 | Create | Unit 1949 ×5 |
| 16:34 | Create | Unit 1949 ×5 |
| 16:34 | Create | Unit 1949 ×5 |
| 16:34 | Create | Unit 1949 ×3 |
| 17:52 | Create | Unit 1949 ×5 |
| 17:53 | Create | Unit 1949 ×5 |
| 17:53 | Create | Unit 1949 ×5 |
| 17:53 | Create | Unit 1949 ×5 |
| 17:54 | Create | Unit 1954 |
| 17:54 | Create | Unit 1954 |
| 17:55 | Create | Unit 1954 |
| 19:19 | Create | Unit 1949 ×5 |
| 19:19 | Create | Unit 1949 ×5 |
| 19:57 | Create | Unit 1949 ×5 |
| 19:57 | Create | Unit 1949 ×5 |
| 19:57 | Create | Unit 1949 ×5 |
| 19:58 | Create | Unit 1949 ×5 |
| 19:58 | Create | Unit 1949 ×5 |
| 19:59 | Create | Unit 1949 ×5 |
| 19:59 | Create | Unit 1949 ×5 |
| 19:59 | Create | Unit 1949 ×5 |
| 20:00 | Create | Unit 1949 ×5 |
| 20:00 | Create | Unit 1949 ×3 |
| 21:14 | Create | Unit 1949 ×5 |
| 21:15 | Create | Unit 1949 ×5 |
| 21:15 | Create | Unit 1949 ×5 |
| 21:15 | Create | Unit 1949 ×5 |
| 21:16 | Create | Unit 1949 ×5 |
| 22:35 | Create | Unit 1949 ×5 |
| 22:36 | Create | Unit 1949 ×5 |
| 22:36 | Create | Unit 1949 ×5 |
| 24:01 | Create | Unit 1949 ×5 |
| 24:01 | Create | Unit 1949 ×5 |
| 24:02 | Create | Unit 1949 ×5 |
| 24:02 | Create | Unit 1949 ×5 |
| 24:07 | Create | Unit 1949 |
| 25:10 | Create | Unit 1949 ×5 |
| 25:11 | Create | Unit 1949 ×5 |
| 25:19 | Create | Unit 1949 ×5 |
| 25:20 | Create | Unit 1949 ×5 |
| 25:20 | Create | Unit 1949 ×5 |
| 26:19 | Create | Unit 1949 ×5 |
| 26:19 | Create | Unit 1949 ×5 |
| 26:20 | Create | Unit 1949 ×5 |
| 26:20 | Create | Unit 1949 ×5 |
| 26:21 | Create | Unit 1949 ×5 |
| 26:21 | Create | Unit 1949 ×5 |
| 26:21 | Create | Unit 1949 |
| 26:55 | Create | Unit 1949 ×5 |
| 26:55 | Create | Unit 1949 ×5 |
| 26:56 | Create | Unit 1949 ×5 |
| 26:56 | Create | Unit 1954 ×2 |
| 26:58 | Create | Unit 1954 |
| 26:59 | Create | Unit 1949 |
| 27:00 | Create | Unit 1949 |
| 27:00 | Create | Unit 1949 |
| 29:57 | Build | Castle |
| 30:03 | Build | Siege Workshop |
| 30:34 | Create | Villager (Male) ×5 |
| 30:34 | Create | Villager (Male) ×5 |
| 31:34 | Create | Unit 1949 ×5 |
| 32:25 | Create | Mangonel |
| 32:26 | Create | Mangonel |
| 32:26 | Create | Mangonel |
| 32:26 | Create | Mangonel |
| 32:27 | Create | Mangonel |
| 32:42 | Build | Castle |
| 33:03 | Create | Unit 1949 ×5 |
| 33:04 | Create | Unit 1949 ×5 |
| 33:04 | Create | Unit 1949 ×5 |
| 33:06 | Create | Unit 1949 ×5 |
| 33:06 | Create | Unit 1949 ×5 |
| 33:06 | Create | Unit 1949 ×5 |
| 33:07 | Create | Unit 1949 ×5 |
| 33:07 | Create | Unit 1949 ×5 |
Build order — 賀翔
First 150 of 320 actions detected
| 0:18 | Research | Hill Forts |
| 0:19 | Create | Leitis |
| 0:20 | Create | Leitis ×5 |
| 0:20 | Create | Leitis ×5 |
| 0:20 | Create | Leitis ×5 |
| 0:21 | Create | Leitis ×5 |
| 0:21 | Create | Leitis ×5 |
| 0:21 | Create | Leitis ×5 |
| 0:22 | Create | Leitis ×5 |
| 0:22 | Create | Leitis ×5 |
| 0:22 | Create | Leitis ×5 |
| 0:23 | Create | Leitis ×5 |
| 0:23 | Create | Leitis ×5 |
| 0:23 | Create | Leitis ×3 |
| 0:24 | Create | Leitis ×3 |
| 0:30 | Research | Iron Casting |
| 0:31 | Research | Chain Barding Armor |
| 0:33 | Research | Bodkin Arrow |
| 0:33 | Research | Bodkin Arrow |
| 0:34 | Research | Thumb Ring |
| 0:35 | Research | Ballistics |
| 0:36 | Research | Leather Archer Armor |
| 0:37 | Research | Chain Mail Armor |
| 1:42 | Create | Leitis ×5 |
| 1:42 | Create | Leitis ×5 |
| 1:43 | Create | Leitis ×5 |
| 3:49 | Create | Leitis ×5 |
| 3:49 | Create | Leitis ×5 |
| 3:50 | Create | Leitis ×5 |
| 3:50 | Create | Leitis ×5 |
| 3:50 | Create | Leitis ×5 |
| 3:51 | Create | Leitis ×5 |
| 3:51 | Create | Leitis ×5 |
| 4:10 | Create | Leitis ×4 |
| 5:06 | Create | Leitis ×5 |
| 5:06 | Create | Leitis ×5 |
| 5:07 | Create | Leitis ×5 |
| 5:07 | Create | Leitis ×3 |
| 5:08 | Create | Leitis |
| 5:08 | Create | Leitis ×2 |
| 8:01 | Create | Leitis ×5 |
| 8:02 | Create | Leitis ×5 |
| 8:02 | Create | Leitis ×5 |
| 8:02 | Create | Leitis ×5 |
| 8:03 | Create | Leitis ×5 |
| 8:03 | Create | Leitis ×5 |
| 8:03 | Create | Leitis ×5 |
| 8:04 | Create | Leitis ×5 |
| 8:04 | Create | Leitis ×2 |
| 8:04 | Create | Leitis ×4 |
| 8:40 | Create | Leitis ×5 |
| 8:41 | Create | Leitis ×5 |
| 9:35 | Research | Plate Barding Armor |
| 9:37 | Research | Bracer |
| 9:37 | Research | Bracer |
| 9:38 | Research | Chemistry |
| 9:39 | Research | Ring Archer Armor |
| 9:39 | Research | Ring Archer Armor |
| 9:45 | Research | Elite Leitis (upgrade) |
| 9:46 | Research | Conscription |
| 9:46 | Research | Conscription |
| 9:53 | Research | Tower Shields |
| 9:58 | Create | Leitis |
| 9:58 | Create | Leitis |
| 9:58 | Create | Leitis |
| 9:59 | Create | Leitis |
| 9:59 | Create | Leitis |
| 9:59 | Create | Leitis |
| 10:00 | Create | Leitis |
| 10:00 | Create | Leitis |
| 11:01 | Create | Leitis ×5 |
| 11:02 | Create | Leitis ×5 |
| 11:02 | Create | Leitis ×5 |
| 11:02 | Create | Leitis ×5 |
| 11:03 | Create | Leitis ×5 |
| 11:03 | Create | Leitis ×5 |
| 11:03 | Create | Leitis ×5 |
| 11:04 | Create | Leitis ×5 |
| 11:04 | Create | Leitis ×5 |
| 12:57 | Create | Leitis ×5 |
| 12:57 | Create | Leitis ×5 |
| 12:57 | Create | Leitis ×5 |
| 12:58 | Create | Leitis ×5 |
| 12:58 | Create | Leitis ×5 |
| 12:58 | Create | Leitis ×5 |
| 12:59 | Create | Leitis ×5 |
| 12:59 | Create | Leitis ×5 |
| 13:57 | Create | Leitis ×5 |
| 13:58 | Create | Leitis ×5 |
| 13:58 | Create | Leitis ×5 |
| 13:58 | Create | Leitis ×5 |
| 13:59 | Create | Leitis ×4 |
| 13:59 | Create | Leitis ×4 |
| 15:00 | Create | Leitis ×5 |
| 15:00 | Create | Leitis ×5 |
| 15:00 | Create | Leitis ×5 |
| 15:01 | Create | Leitis ×5 |
| 15:01 | Create | Leitis ×5 |
| 16:16 | Create | Leitis ×5 |
| 16:17 | Create | Leitis ×5 |
| 16:17 | Create | Leitis ×5 |
| 16:17 | Create | Leitis ×5 |
| 16:18 | Create | Leitis ×5 |
| 16:18 | Create | Leitis ×3 |
| 16:18 | Create | Leitis ×3 |
| 16:32 | Create | Leitis ×4 |
| 16:40 | Create | Leitis ×4 |
| 16:40 | Create | Leitis ×4 |
| 17:26 | Create | Leitis ×5 |
| 17:26 | Create | Leitis ×5 |
| 17:27 | Create | Leitis ×5 |
| 17:27 | Create | Leitis ×5 |
| 17:35 | Create | Leitis ×4 |
| 18:12 | Create | Leitis ×5 |
| 18:13 | Create | Leitis ×5 |
| 18:13 | Create | Leitis ×5 |
| 18:46 | Create | Leitis ×5 |
| 18:46 | Create | Leitis ×5 |
| 18:47 | Create | Leitis ×5 |
| 19:04 | Create | Leitis ×4 |
| 20:36 | Create | Leitis ×5 |
| 20:36 | Create | Leitis ×5 |
| 20:36 | Create | Leitis ×5 |
| 20:37 | Create | Leitis ×5 |
| 20:37 | Create | Leitis ×5 |
| 20:37 | Create | Leitis ×5 |
| 20:38 | Create | Leitis ×5 |
| 20:38 | Create | Leitis ×5 |
| 20:59 | Create | Leitis ×5 |
| 21:00 | Create | Leitis ×5 |
| 22:15 | Create | Leitis ×5 |
| 22:15 | Create | Leitis ×5 |
| 22:16 | Create | Leitis ×5 |
| 22:16 | Create | Leitis ×5 |
| 22:16 | Create | Leitis ×5 |
| 22:34 | Create | Leitis ×5 |
| 22:35 | Create | Leitis ×5 |
| 23:29 | Create | Leitis ×5 |
| 23:30 | Create | Leitis ×5 |
| 23:30 | Create | Leitis ×5 |
| 24:34 | Create | Leitis ×5 |
| 24:34 | Create | Leitis ×5 |
| 24:35 | Create | Leitis ×5 |
| 24:35 | Create | Leitis |
| 24:36 | Create | Leitis |
| 24:36 | Create | Leitis ×2 |
| 25:20 | Create | Leitis ×5 |
| 25:20 | Create | Leitis ×5 |
| 25:21 | Create | Leitis ×2 |
| 25:27 | Create | Leitis ×2 |
Build order — 東
First 150 of 420 actions detected
| 0:05 | Create | Camel Archer ×5 |
| 0:06 | Create | Camel Archer ×5 |
| 0:07 | Research | Kasbah |
| 0:07 | Research | Kasbah |
| 0:10 | Research | Iron Casting |
| 0:11 | Research | Chain Barding Armor |
| 0:12 | Research | Bodkin Arrow |
| 0:12 | Research | Leather Archer Armor |
| 0:13 | Research | Thumb Ring |
| 0:14 | Research | Ballistics |
| 0:15 | Research | Chain Mail Armor |
| 0:15 | Research | Chain Mail Armor |
| 0:16 | Create | Camel Archer ×5 |
| 0:17 | Create | Camel Archer ×5 |
| 0:21 | Create | Camel Archer ×5 |
| 0:21 | Create | Camel Archer ×5 |
| 0:22 | Create | Camel Archer ×5 |
| 0:22 | Create | Camel Archer ×5 |
| 0:23 | Create | Camel Archer ×5 |
| 0:24 | Create | Camel Archer ×5 |
| 0:25 | Create | Camel Archer ×5 |
| 0:25 | Create | Camel Archer ×4 |
| 0:32 | Create | Camel Archer ×4 |
| 1:47 | Create | Camel Archer ×5 |
| 1:48 | Create | Camel Archer ×5 |
| 1:49 | Create | Camel Archer |
| 1:49 | Create | Camel Archer |
| 2:07 | Create | Camel Archer ×4 |
| 2:33 | Create | Camel Archer ×4 |
| 2:37 | Create | Camel Archer |
| 2:48 | Create | Camel Archer ×3 |
| 3:11 | Create | Camel Archer ×4 |
| 3:32 | Create | Camel Archer ×4 |
| 3:36 | Create | Camel Archer |
| 4:07 | Create | Camel Archer ×5 |
| 4:08 | Create | Camel Archer ×2 |
| 4:39 | Create | Camel Archer ×5 |
| 4:45 | Create | Camel Archer ×2 |
| 4:45 | Create | Camel Archer |
| 5:18 | Create | Camel Archer ×4 |
| 5:19 | Create | Camel Archer |
| 5:26 | Create | Camel Archer ×2 |
| 5:26 | Create | Camel Archer ×2 |
| 5:36 | Create | Camel Archer |
| 5:36 | Create | Camel Archer |
| 5:37 | Create | Camel Archer |
| 6:00 | Create | Camel Archer ×4 |
| 6:04 | Create | Camel Archer ×3 |
| 6:48 | Create | Camel Archer ×5 |
| 6:49 | Create | Camel Archer ×3 |
| 7:10 | Create | Camel Archer ×4 |
| 7:23 | Create | Camel Archer |
| 7:25 | Create | Camel Archer ×3 |
| 7:36 | Create | Camel Archer |
| 7:37 | Create | Camel Archer |
| 7:55 | Create | Camel Archer ×3 |
| 7:57 | Create | Camel Archer |
| 8:12 | Create | Camel Archer ×3 |
| 8:38 | Create | Camel Archer ×5 |
| 9:04 | Create | Camel Archer ×4 |
| 9:05 | Create | Camel Archer ×3 |
| 9:47 | Create | Camel Archer ×5 |
| 9:48 | Create | Camel Archer ×3 |
| 9:48 | Create | Camel Archer ×3 |
| 10:37 | Create | Camel Archer ×5 |
| 10:37 | Create | Camel Archer ×5 |
| 11:05 | Create | Camel Archer ×5 |
| 11:06 | Create | Camel Archer ×5 |
| 11:19 | Research | Blast Furnace |
| 11:20 | Research | Plate Barding Armor |
| 11:21 | Research | Bracer |
| 11:22 | Research | Ring Archer Armor |
| 11:22 | Research | Plate Mail Armor |
| 11:23 | Research | Chemistry |
| 11:27 | Research | Elite Camel Archer (upgrade) |
| 11:28 | Research | Maghrebi Camels |
| 11:29 | Research | Conscription |
| 11:29 | Research | Conscription |
| 11:30 | Create | Camel Archer ×5 |
| 11:31 | Create | Camel Archer ×5 |
| 11:31 | Create | Camel Archer ×5 |
| 13:13 | Create | Camel Archer ×5 |
| 13:13 | Create | Camel Archer ×5 |
| 13:13 | Create | Camel Archer ×5 |
| 13:14 | Create | Camel Archer ×2 |
| 13:24 | Create | Camel Archer ×2 |
| 13:25 | Create | Camel Archer ×2 |
| 13:46 | Create | Camel Archer ×4 |
| 13:50 | Create | Camel Archer |
| 13:50 | Create | Camel Archer |
| 13:57 | Create | Camel Archer ×3 |
| 14:25 | Create | Camel Archer ×5 |
| 14:26 | Create | Camel Archer |
| 14:29 | Create | Camel Archer ×2 |
| 14:55 | Create | Camel Archer ×3 |
| 14:56 | Create | Camel Archer |
| 15:51 | Create | Camel Archer ×5 |
| 15:51 | Create | Camel Archer ×5 |
| 15:52 | Create | Camel Archer ×5 |
| 15:52 | Create | Camel Archer ×5 |
| 16:02 | Create | Camel Archer ×3 |
| 16:38 | Create | Camel Archer ×5 |
| 16:40 | Create | Camel Archer ×5 |
| 16:41 | Create | Camel Archer ×2 |
| 17:03 | Create | Camel Archer ×4 |
| 17:03 | Create | Camel Archer ×4 |
| 17:08 | Create | Camel Archer |
| 17:10 | Create | Camel Archer |
| 17:11 | Create | Camel Archer ×2 |
| 17:33 | Create | Camel Archer ×4 |
| 17:36 | Create | Camel Archer |
| 17:41 | Create | Camel Archer ×3 |
| 17:51 | Create | Camel Archer |
| 17:52 | Create | Camel Archer |
| 17:55 | Create | Camel Archer |
| 18:01 | Create | Camel Archer ×2 |
| 18:07 | Create | Camel Archer |
| 18:10 | Create | Camel Archer |
| 18:12 | Create | Camel Archer ×2 |
| 18:33 | Create | Camel Archer ×4 |
| 18:41 | Create | Camel Archer ×3 |
| 18:42 | Create | Camel Archer ×3 |
| 18:51 | Create | Camel Archer ×2 |
| 18:57 | Create | Camel Archer ×3 |
| 19:13 | Create | Camel Archer ×4 |
| 19:21 | Create | Camel Archer |
| 19:26 | Create | Camel Archer |
| 19:26 | Create | Camel Archer ×2 |
| 19:37 | Create | Camel Archer |
| 19:46 | Create | Camel Archer ×3 |
| 19:52 | Create | Camel Archer |
| 19:58 | Create | Camel Archer ×2 |
| 20:06 | Create | Camel Archer |
| 20:10 | Create | Camel Archer |
| 20:11 | Create | Camel Archer |
| 20:34 | Create | Camel Archer ×3 |
| 20:34 | Create | Camel Archer ×3 |
| 20:41 | Create | Camel Archer ×2 |
| 20:42 | Create | Camel Archer |
| 21:11 | Create | Camel Archer ×5 |
| 21:12 | Create | Camel Archer |
| 21:21 | Create | Camel Archer |
| 21:28 | Create | Camel Archer ×2 |
| 21:36 | Create | Camel Archer |
| 21:41 | Create | Camel Archer |
| 21:41 | Create | Camel Archer |
| 21:42 | Create | Camel Archer |
| 21:42 | Create | Camel Archer |
| 21:56 | Create | Camel Archer |
| 21:56 | Create | Camel Archer |
Build order — 魯拉拉
First 150 of 288 actions detected
| 0:08 | Research | Elite Berserk (upgrade) |
| 0:10 | Research | Tech 49 |
| 0:10 | Research | Conscription |
| 0:13 | Research | Chieftains |
| 0:13 | Create | Berserk ×5 |
| 0:13 | Create | Berserk ×5 |
| 0:14 | Create | Berserk ×5 |
| 0:14 | Create | Berserk ×5 |
| 0:14 | Create | Berserk ×5 |
| 0:14 | Create | Berserk ×5 |
| 0:15 | Create | Berserk ×5 |
| 0:15 | Create | Berserk ×5 |
| 0:15 | Create | Berserk ×5 |
| 0:15 | Create | Berserk ×5 |
| 0:19 | Research | Blast Furnace |
| 0:21 | Research | Plate Mail Armor |
| 0:22 | Research | Bracer |
| 0:23 | Research | Ballistics |
| 0:24 | Research | Chemistry |
| 0:24 | Research | Ring Archer Armor |
| 0:28 | Create | Berserk ×5 |
| 0:29 | Create | Berserk |
| 0:54 | Create | Berserk ×3 |
| 1:26 | Create | Berserk ×5 |
| 1:26 | Create | Berserk ×5 |
| 2:03 | Create | Berserk ×5 |
| 2:52 | Create | Berserk ×5 |
| 2:52 | Create | Berserk ×5 |
| 3:16 | Create | Berserk ×5 |
| 3:16 | Create | Berserk ×5 |
| 3:17 | Create | Berserk ×5 |
| 3:18 | Create | Berserk ×5 |
| 3:19 | Create | Berserk ×5 |
| 3:20 | Create | Berserk ×5 |
| 3:21 | Create | Berserk ×5 |
| 3:25 | Create | Berserk ×3 |
| 3:26 | Create | Berserk |
| 3:40 | Create | Berserk ×5 |
| 3:40 | Create | Berserk ×5 |
| 3:46 | Create | Berserk |
| 3:47 | Create | Berserk |
| 3:51 | Create | Berserk ×3 |
| 3:51 | Create | Berserk ×3 |
| 3:54 | Create | Berserk |
| 3:58 | Create | Berserk |
| 3:58 | Create | Berserk ×3 |
| 4:09 | Create | Berserk ×4 |
| 4:12 | Create | Berserk |
| 4:14 | Create | Berserk |
| 4:21 | Create | Berserk ×3 |
| 4:25 | Create | Berserk |
| 4:25 | Create | Berserk |
| 4:28 | Create | Berserk ×2 |
| 4:40 | Create | Berserk ×5 |
| 4:42 | Create | Berserk |
| 5:20 | Create | Berserk ×5 |
| 5:23 | Create | Berserk ×5 |
| 5:49 | Create | Berserk ×5 |
| 5:49 | Create | Berserk ×5 |
| 5:57 | Create | Berserk ×5 |
| 5:57 | Create | Berserk ×5 |
| 6:16 | Create | Berserk ×5 |
| 6:27 | Create | Berserk ×5 |
| 6:34 | Create | Berserk ×5 |
| 6:40 | Create | Berserk ×5 |
| 7:01 | Create | Berserk ×5 |
| 7:05 | Create | Berserk ×5 |
| 7:19 | Create | Berserk ×5 |
| 7:20 | Create | Berserk ×5 |
| 7:35 | Create | Berserk ×5 |
| 7:35 | Create | Berserk ×5 |
| 7:39 | Create | Berserk ×2 |
| 8:05 | Create | Berserk ×5 |
| 8:13 | Create | Berserk ×5 |
| 8:13 | Create | Berserk ×5 |
| 8:13 | Create | Berserk |
| 8:20 | Create | Berserk ×2 |
| 8:21 | Create | Berserk ×2 |
| 8:51 | Create | Berserk ×5 |
| 8:52 | Create | Berserk ×5 |
| 8:52 | Create | Berserk ×4 |
| 9:09 | Create | Berserk ×5 |
| 9:09 | Create | Berserk ×3 |
| 9:11 | Create | Berserk |
| 9:13 | Create | Berserk |
| 9:14 | Create | Berserk |
| 9:16 | Create | Berserk ×2 |
| 10:00 | Create | Berserk ×5 |
| 10:00 | Create | Berserk ×5 |
| 10:05 | Create | Berserk ×5 |
| 10:26 | Create | Berserk |
| 11:07 | Create | Berserk ×5 |
| 11:08 | Create | Berserk ×4 |
| 11:09 | Create | Berserk ×4 |
| 11:12 | Create | Berserk |
| 11:39 | Create | Berserk ×5 |
| 11:39 | Create | Berserk ×5 |
| 11:39 | Create | Berserk ×5 |
| 11:45 | Create | Berserk ×2 |
| 11:45 | Create | Berserk ×3 |
| 11:50 | Create | Berserk |
| 11:50 | Create | Berserk |
| 11:51 | Create | Berserk ×2 |
| 12:28 | Create | Berserk |
| 12:51 | Create | Berserk ×3 |
| 12:56 | Create | Berserk |
| 12:57 | Create | Berserk |
| 12:58 | Create | Berserk |
| 13:03 | Create | Berserk ×3 |
| 13:03 | Create | Berserk ×3 |
| 13:12 | Create | Berserk |
| 13:12 | Create | Berserk |
| 13:42 | Create | Berserk ×5 |
| 13:42 | Create | Berserk ×5 |
| 13:43 | Create | Berserk ×2 |
| 14:33 | Create | Berserk ×4 |
| 15:39 | Create | Berserk ×5 |
| 15:40 | Create | Berserk ×5 |
| 15:42 | Create | Berserk |
| 15:43 | Create | Berserk |
| 16:03 | Create | Berserk |
| 16:03 | Create | Berserk |
| 16:12 | Create | Berserk |
| 16:13 | Create | Berserk |
| 16:14 | Create | Berserk |
| 16:38 | Create | Berserk |
| 17:00 | Create | Berserk ×3 |
| 17:00 | Create | Berserk ×3 |
| 17:27 | Create | Berserk ×3 |
| 18:11 | Create | Berserk ×5 |
| 18:47 | Create | Berserk ×4 |
| 19:10 | Create | Berserk ×2 |
| 19:39 | Create | Berserk |
| 21:04 | Create | Berserk ×5 |
| 21:04 | Create | Berserk ×5 |
| 21:04 | Create | Berserk ×5 |
| 21:12 | Create | Berserk ×3 |
| 21:12 | Create | Berserk ×3 |
| 21:14 | Create | Berserk |
| 21:29 | Create | Berserk ×5 |
| 21:31 | Create | Berserk ×3 |
| 21:31 | Create | Berserk ×3 |
| 21:35 | Create | Berserk ×2 |
| 22:46 | Create | Berserk ×5 |
| 22:48 | Create | Berserk ×5 |
| 22:50 | Create | Berserk ×5 |
| 22:52 | Create | Berserk ×2 |
| 23:06 | Create | Berserk ×5 |
| 23:12 | Create | Berserk |
| 23:16 | Create | Berserk ×3 |
Build order — AI水手全面進攻了
First 150 of 319 actions detected
| 0:17 | Research | Yeomen |
| 0:18 | Research | Yeomen |
| 0:21 | Create | Longbowman ×5 |
| 0:21 | Create | Longbowman ×5 |
| 0:21 | Create | Longbowman ×5 |
| 0:22 | Create | Longbowman ×5 |
| 0:22 | Create | Longbowman ×5 |
| 0:22 | Create | Longbowman ×5 |
| 0:23 | Create | Longbowman ×5 |
| 0:23 | Create | Longbowman ×5 |
| 0:23 | Create | Longbowman ×5 |
| 0:23 | Create | Longbowman ×5 |
| 0:24 | Create | Longbowman ×5 |
| 0:24 | Create | Longbowman ×5 |
| 0:24 | Create | Longbowman ×4 |
| 0:25 | Create | Longbowman ×4 |
| 0:30 | Research | Chain Mail Armor |
| 0:30 | Research | Chain Mail Armor |
| 0:31 | Research | Leather Archer Armor |
| 0:31 | Research | Bodkin Arrow |
| 0:32 | Research | Iron Casting |
| 0:32 | Research | Iron Casting |
| 0:34 | Research | Chain Barding Armor |
| 0:34 | Research | Chain Barding Armor |
| 0:35 | Research | Ballistics |
| 0:35 | Research | Ballistics |
| 0:35 | Research | Ballistics |
| 3:04 | Create | Longbowman ×5 |
| 3:04 | Create | Longbowman ×5 |
| 3:05 | Create | Longbowman ×5 |
| 3:05 | Create | Longbowman ×5 |
| 3:05 | Create | Longbowman ×5 |
| 3:05 | Create | Longbowman ×5 |
| 3:06 | Create | Longbowman ×5 |
| 3:06 | Create | Longbowman ×5 |
| 3:06 | Create | Longbowman ×5 |
| 5:29 | Create | Longbowman ×5 |
| 5:29 | Create | Longbowman ×5 |
| 5:29 | Create | Longbowman ×5 |
| 5:30 | Create | Longbowman ×5 |
| 5:30 | Create | Longbowman ×5 |
| 5:31 | Create | Longbowman ×5 |
| 5:31 | Create | Longbowman ×5 |
| 5:32 | Create | Longbowman ×5 |
| 5:32 | Create | Longbowman ×5 |
| 6:49 | Research | Ring Archer Armor |
| 6:50 | Research | Plate Mail Armor |
| 6:51 | Research | Plate Mail Armor |
| 6:52 | Research | Bracer |
| 6:54 | Research | Plate Barding Armor |
| 6:54 | Research | Plate Barding Armor |
| 6:55 | Research | Chemistry |
| 6:55 | Research | Chemistry |
| 6:57 | Research | Blast Furnace |
| 7:01 | Research | Warwolf |
| 7:01 | Research | Conscription |
| 7:02 | Research | Conscription |
| 7:03 | Research | Elite Longbowman (upgrade) |
| 7:03 | Research | Elite Longbowman (upgrade) |
| 7:26 | Create | Longbowman ×5 |
| 7:26 | Create | Longbowman ×5 |
| 7:27 | Create | Longbowman ×5 |
| 7:27 | Create | Longbowman ×5 |
| 7:27 | Create | Longbowman ×5 |
| 7:28 | Create | Longbowman ×5 |
| 8:14 | Create | Longbowman ×5 |
| 8:15 | Create | Longbowman ×5 |
| 8:15 | Create | Longbowman ×5 |
| 8:16 | Create | Longbowman ×3 |
| 8:19 | Create | Longbowman ×3 |
| 9:23 | Create | Longbowman ×5 |
| 9:23 | Create | Longbowman ×5 |
| 9:24 | Create | Longbowman ×5 |
| 9:24 | Create | Longbowman ×5 |
| 9:24 | Create | Longbowman ×5 |
| 11:14 | Create | Longbowman |
| 11:15 | Create | Longbowman ×5 |
| 11:16 | Create | Longbowman ×5 |
| 11:16 | Create | Longbowman ×5 |
| 11:16 | Create | Longbowman ×5 |
| 11:17 | Create | Longbowman ×5 |
| 11:17 | Create | Longbowman ×5 |
| 11:22 | Create | Longbowman ×3 |
| 11:22 | Create | Longbowman ×4 |
| 12:13 | Create | Longbowman ×5 |
| 12:13 | Create | Longbowman ×5 |
| 12:14 | Create | Longbowman ×4 |
| 14:15 | Create | Longbowman ×5 |
| 14:15 | Create | Longbowman ×5 |
| 14:15 | Create | Longbowman ×5 |
| 14:16 | Create | Longbowman ×5 |
| 14:16 | Create | Longbowman ×5 |
| 14:16 | Create | Longbowman ×5 |
| 14:17 | Create | Longbowman ×4 |
| 15:50 | Create | Longbowman ×5 |
| 15:50 | Create | Longbowman ×5 |
| 15:51 | Create | Longbowman ×5 |
| 15:51 | Create | Longbowman ×5 |
| 15:51 | Create | Longbowman ×5 |
| 15:52 | Create | Longbowman ×5 |
| 15:52 | Create | Longbowman ×5 |
| 15:53 | Create | Longbowman ×5 |
| 15:54 | Create | Longbowman |
| 15:55 | Create | Longbowman |
| 17:20 | Create | Longbowman ×5 |
| 17:20 | Create | Longbowman ×5 |
| 17:21 | Create | Longbowman ×5 |
| 17:21 | Create | Longbowman ×5 |
| 17:21 | Create | Longbowman |
| 17:23 | Create | Longbowman ×2 |
| 19:16 | Create | Longbowman ×5 |
| 19:16 | Create | Longbowman ×5 |
| 19:17 | Create | Longbowman ×5 |
| 19:17 | Create | Longbowman ×5 |
| 19:17 | Create | Longbowman ×5 |
| 19:18 | Create | Longbowman |
| 22:28 | Create | Longbowman ×5 |
| 22:29 | Create | Longbowman ×5 |
| 22:29 | Create | Longbowman ×5 |
| 22:29 | Create | Longbowman ×5 |
| 23:56 | Create | Longbowman ×5 |
| 23:56 | Create | Longbowman ×5 |
| 23:56 | Create | Longbowman ×5 |
| 23:57 | Create | Longbowman ×5 |
| 23:57 | Create | Longbowman ×5 |
| 23:57 | Create | Longbowman ×5 |
| 23:58 | Create | Longbowman |
| 26:23 | Create | Longbowman ×5 |
| 26:24 | Create | Longbowman ×5 |
| 26:24 | Create | Longbowman ×5 |
| 26:24 | Create | Longbowman ×5 |
| 26:24 | Create | Longbowman ×5 |
| 26:25 | Create | Longbowman ×5 |
| 26:25 | Create | Longbowman |
| 26:26 | Create | Longbowman |
| 26:27 | Create | Longbowman ×2 |
| 26:28 | Create | Longbowman ×2 |
| 27:33 | Create | Longbowman ×5 |
| 27:34 | Create | Longbowman ×5 |
| 27:34 | Create | Longbowman ×2 |
| 29:57 | Create | Longbowman ×5 |
| 29:57 | Create | Longbowman ×5 |
| 29:57 | Create | Longbowman ×5 |
| 29:58 | Create | Longbowman ×5 |
| 29:58 | Create | Longbowman ×5 |
| 31:14 | Create | Longbowman ×4 |
| 31:14 | Create | Longbowman ×4 |
| 32:36 | Create | Longbowman ×5 |
| 32:37 | Create | Longbowman ×5 |
| 32:37 | Create | Longbowman ×5 |
Build order — CHAN
First 150 of 606 actions detected
| 0:08 | Research | Elite Shotel Warrior (upgrade) |
| 0:13 | Research | Royal Heirs |
| 0:14 | Research | Conscription |
| 0:14 | Create | Shotel Warrior ×5 |
| 0:15 | Create | Shotel Warrior ×5 |
| 0:15 | Create | Shotel Warrior ×5 |
| 0:15 | Create | Shotel Warrior ×5 |
| 0:16 | Create | Shotel Warrior ×5 |
| 0:16 | Create | Shotel Warrior ×5 |
| 0:16 | Create | Shotel Warrior ×5 |
| 0:17 | Create | Shotel Warrior ×5 |
| 0:17 | Create | Shotel Warrior ×5 |
| 0:17 | Create | Shotel Warrior ×5 |
| 0:18 | Create | Shotel Warrior ×5 |
| 0:18 | Create | Shotel Warrior ×5 |
| 0:20 | Research | Blast Furnace |
| 0:21 | Research | Plate Mail Armor |
| 0:23 | Research | Bracer |
| 0:23 | Research | Thumb Ring |
| 0:25 | Research | Ballistics |
| 0:25 | Research | Chemistry |
| 0:26 | Research | Ring Archer Armor |
| 1:37 | Create | Shotel Warrior |
| 1:38 | Create | Shotel Warrior ×5 |
| 1:38 | Create | Shotel Warrior ×5 |
| 1:38 | Create | Shotel Warrior ×5 |
| 1:39 | Create | Shotel Warrior ×5 |
| 2:12 | Create | Shotel Warrior |
| 2:12 | Create | Shotel Warrior ×5 |
| 2:13 | Create | Shotel Warrior ×5 |
| 2:13 | Create | Shotel Warrior ×5 |
| 2:13 | Create | Shotel Warrior ×5 |
| 3:08 | Create | Shotel Warrior ×5 |
| 3:08 | Create | Shotel Warrior ×5 |
| 3:09 | Create | Shotel Warrior ×5 |
| 3:09 | Create | Shotel Warrior ×5 |
| 3:09 | Create | Shotel Warrior ×5 |
| 3:09 | Create | Shotel Warrior ×5 |
| 3:10 | Create | Shotel Warrior ×5 |
| 3:10 | Create | Shotel Warrior ×5 |
| 3:10 | Create | Shotel Warrior ×5 |
| 3:11 | Create | Shotel Warrior ×5 |
| 3:11 | Create | Shotel Warrior ×5 |
| 3:11 | Create | Shotel Warrior ×5 |
| 3:12 | Create | Shotel Warrior ×4 |
| 3:46 | Create | Shotel Warrior |
| 3:46 | Create | Shotel Warrior ×5 |
| 3:47 | Create | Shotel Warrior ×5 |
| 3:47 | Create | Shotel Warrior ×5 |
| 3:47 | Create | Shotel Warrior ×5 |
| 3:48 | Create | Shotel Warrior ×5 |
| 3:48 | Create | Shotel Warrior ×5 |
| 4:16 | Create | Shotel Warrior ×5 |
| 4:16 | Create | Shotel Warrior ×5 |
| 4:16 | Create | Shotel Warrior ×5 |
| 4:17 | Create | Shotel Warrior ×5 |
| 4:17 | Create | Shotel Warrior ×5 |
| 4:17 | Create | Shotel Warrior ×5 |
| 4:47 | Create | Shotel Warrior |
| 4:48 | Create | Shotel Warrior ×5 |
| 4:48 | Create | Shotel Warrior ×5 |
| 4:48 | Create | Shotel Warrior ×5 |
| 4:49 | Create | Shotel Warrior ×5 |
| 4:52 | Create | Shotel Warrior ×5 |
| 4:52 | Create | Shotel Warrior ×5 |
| 4:53 | Create | Shotel Warrior ×5 |
| 4:53 | Create | Shotel Warrior ×5 |
| 5:19 | Create | Shotel Warrior ×5 |
| 5:20 | Create | Shotel Warrior ×5 |
| 5:20 | Create | Shotel Warrior ×5 |
| 5:20 | Create | Shotel Warrior ×5 |
| 5:20 | Create | Shotel Warrior ×5 |
| 5:49 | Create | Shotel Warrior ×5 |
| 5:49 | Create | Shotel Warrior ×5 |
| 5:50 | Create | Shotel Warrior ×5 |
| 5:50 | Create | Shotel Warrior ×5 |
| 5:50 | Create | Shotel Warrior ×5 |
| 6:23 | Create | Shotel Warrior ×5 |
| 6:23 | Create | Shotel Warrior ×5 |
| 6:24 | Create | Shotel Warrior ×5 |
| 6:24 | Create | Shotel Warrior ×5 |
| 6:24 | Create | Shotel Warrior ×5 |
| 6:24 | Create | Shotel Warrior ×5 |
| 7:24 | Create | Shotel Warrior |
| 7:24 | Create | Shotel Warrior ×5 |
| 7:25 | Create | Shotel Warrior ×5 |
| 7:25 | Create | Shotel Warrior ×5 |
| 7:25 | Create | Shotel Warrior ×5 |
| 7:26 | Create | Shotel Warrior ×5 |
| 7:26 | Create | Shotel Warrior ×5 |
| 7:26 | Create | Shotel Warrior ×5 |
| 7:27 | Create | Shotel Warrior ×5 |
| 7:27 | Create | Shotel Warrior ×5 |
| 7:27 | Create | Shotel Warrior ×5 |
| 7:28 | Create | Shotel Warrior ×5 |
| 8:15 | Create | Shotel Warrior |
| 8:16 | Create | Shotel Warrior ×5 |
| 8:16 | Create | Shotel Warrior ×5 |
| 8:16 | Create | Shotel Warrior ×5 |
| 8:17 | Create | Shotel Warrior ×5 |
| 8:17 | Create | Shotel Warrior ×5 |
| 8:17 | Create | Shotel Warrior ×5 |
| 8:18 | Create | Shotel Warrior ×5 |
| 8:18 | Create | Shotel Warrior ×5 |
| 8:18 | Create | Shotel Warrior ×5 |
| 8:19 | Create | Shotel Warrior ×5 |
| 8:19 | Create | Shotel Warrior ×5 |
| 8:19 | Create | Shotel Warrior ×5 |
| 8:19 | Create | Shotel Warrior ×5 |
| 9:08 | Create | Shotel Warrior ×5 |
| 9:09 | Create | Shotel Warrior ×5 |
| 9:09 | Create | Shotel Warrior ×5 |
| 9:09 | Create | Shotel Warrior ×5 |
| 9:10 | Create | Shotel Warrior ×5 |
| 9:10 | Create | Shotel Warrior ×5 |
| 9:10 | Create | Shotel Warrior ×5 |
| 9:11 | Create | Shotel Warrior ×5 |
| 9:11 | Create | Shotel Warrior ×5 |
| 9:11 | Create | Shotel Warrior ×5 |
| 9:12 | Create | Shotel Warrior ×5 |
| 9:12 | Create | Shotel Warrior ×5 |
| 9:12 | Create | Shotel Warrior ×4 |
| 9:13 | Create | Shotel Warrior ×4 |
| 9:14 | Create | Shotel Warrior ×4 |
| 9:47 | Create | Shotel Warrior ×5 |
| 9:48 | Create | Shotel Warrior ×5 |
| 9:48 | Create | Shotel Warrior ×5 |
| 9:48 | Create | Shotel Warrior ×5 |
| 9:49 | Create | Shotel Warrior ×5 |
| 9:49 | Create | Shotel Warrior ×5 |
| 9:49 | Create | Shotel Warrior ×5 |
| 9:50 | Create | Shotel Warrior ×5 |
| 10:28 | Create | Shotel Warrior ×5 |
| 10:28 | Create | Shotel Warrior ×5 |
| 10:29 | Create | Shotel Warrior ×5 |
| 10:29 | Create | Shotel Warrior ×5 |
| 10:29 | Create | Shotel Warrior ×5 |
| 10:30 | Create | Shotel Warrior ×5 |
| 10:30 | Create | Shotel Warrior ×5 |
| 10:30 | Create | Shotel Warrior ×5 |
| 11:05 | Create | Shotel Warrior |
| 11:05 | Create | Shotel Warrior ×5 |
| 11:05 | Create | Shotel Warrior ×5 |
| 11:06 | Create | Shotel Warrior ×5 |
| 11:06 | Create | Shotel Warrior ×5 |
| 11:06 | Create | Shotel Warrior ×5 |
| 11:07 | Create | Shotel Warrior ×5 |
| 11:07 | Create | Shotel Warrior ×5 |
| 11:07 | Create | Shotel Warrior ×5 |
| 11:07 | Create | Shotel Warrior ×5 |
Build order — Di guo小师弟
First 150 of 474 actions detected
| 0:16 | Research | Tigui |
| 0:16 | Create | Gbeto ×5 |
| 0:17 | Create | Gbeto ×5 |
| 0:17 | Create | Gbeto ×5 |
| 0:18 | Create | Gbeto ×5 |
| 0:18 | Create | Gbeto ×5 |
| 0:18 | Create | Gbeto ×5 |
| 0:19 | Create | Gbeto ×5 |
| 0:19 | Create | Gbeto ×5 |
| 0:19 | Create | Gbeto ×5 |
| 0:20 | Create | Gbeto ×5 |
| 0:20 | Create | Gbeto ×5 |
| 0:21 | Create | Gbeto ×5 |
| 0:21 | Create | Gbeto ×4 |
| 0:25 | Research | Iron Casting |
| 0:26 | Research | Chain Mail Armor |
| 0:26 | Research | Chain Barding Armor |
| 0:27 | Research | Ballistics |
| 0:28 | Research | Bodkin Arrow |
| 0:28 | Research | Thumb Ring |
| 0:28 | Research | Thumb Ring |
| 0:29 | Research | Thumb Ring |
| 0:29 | Research | Leather Archer Armor |
| 0:29 | Research | Leather Archer Armor |
| 1:02 | Create | Gbeto ×5 |
| 1:03 | Create | Gbeto ×5 |
| 1:03 | Create | Gbeto ×2 |
| 4:25 | Create | Gbeto ×5 |
| 4:25 | Create | Gbeto ×5 |
| 4:26 | Create | Gbeto ×5 |
| 4:26 | Create | Gbeto ×5 |
| 4:26 | Create | Gbeto ×5 |
| 4:27 | Create | Gbeto ×5 |
| 4:27 | Create | Gbeto ×5 |
| 4:43 | Research | Elite Gbeto (upgrade) |
| 4:44 | Research | Conscription |
| 4:44 | Research | Farimba |
| 4:55 | Research | Plate Barding Armor |
| 4:56 | Research | Plate Mail Armor |
| 4:57 | Research | Thumb Ring |
| 4:58 | Research | Chemistry |
| 4:59 | Research | Leather Archer Armor |
| 5:55 | Create | Gbeto ×5 |
| 5:55 | Create | Gbeto ×5 |
| 5:56 | Create | Gbeto ×5 |
| 5:56 | Create | Gbeto ×5 |
| 5:56 | Create | Gbeto ×5 |
| 5:57 | Create | Gbeto ×5 |
| 5:57 | Create | Gbeto ×5 |
| 5:57 | Create | Gbeto ×5 |
| 8:35 | Create | Gbeto ×5 |
| 8:35 | Create | Gbeto ×5 |
| 8:35 | Create | Gbeto ×5 |
| 8:36 | Create | Gbeto ×5 |
| 8:36 | Create | Gbeto ×5 |
| 8:36 | Create | Gbeto ×5 |
| 8:37 | Create | Gbeto ×5 |
| 8:37 | Create | Gbeto ×5 |
| 8:38 | Create | Gbeto ×5 |
| 10:33 | Create | Gbeto ×5 |
| 10:34 | Create | Gbeto ×5 |
| 10:34 | Create | Gbeto ×5 |
| 10:35 | Create | Gbeto ×5 |
| 10:35 | Create | Gbeto ×5 |
| 10:35 | Create | Gbeto ×5 |
| 10:36 | Create | Gbeto ×5 |
| 10:36 | Create | Gbeto ×5 |
| 12:10 | Create | Gbeto ×5 |
| 12:10 | Create | Gbeto ×5 |
| 12:10 | Create | Gbeto ×5 |
| 12:11 | Create | Gbeto ×5 |
| 14:14 | Create | Gbeto ×5 |
| 14:15 | Create | Gbeto ×5 |
| 14:15 | Create | Gbeto ×5 |
| 14:15 | Create | Gbeto ×5 |
| 14:16 | Create | Gbeto ×5 |
| 14:16 | Create | Gbeto ×5 |
| 14:16 | Create | Gbeto ×5 |
| 14:17 | Create | Gbeto ×5 |
| 14:17 | Create | Gbeto ×5 |
| 14:18 | Create | Gbeto ×5 |
| 15:24 | Research | Ring Archer Armor |
| 15:27 | Build | Castle |
| 15:30 | Build | Castle |
| 15:36 | Build | Castle |
| 15:37 | Build | Castle |
| 19:28 | Create | Gbeto ×5 |
| 19:28 | Create | Gbeto ×5 |
| 19:29 | Create | Gbeto ×5 |
| 19:29 | Create | Gbeto ×5 |
| 19:29 | Create | Gbeto ×5 |
| 19:30 | Create | Gbeto ×5 |
| 19:30 | Create | Gbeto ×5 |
| 19:31 | Create | Gbeto ×5 |
| 19:31 | Create | Gbeto ×5 |
| 19:31 | Create | Gbeto ×5 |
| 19:32 | Create | Gbeto ×5 |
| 19:32 | Create | Gbeto ×5 |
| 19:32 | Create | Gbeto ×5 |
| 19:33 | Create | Gbeto ×5 |
| 19:33 | Create | Gbeto ×5 |
| 19:34 | Create | Gbeto ×5 |
| 19:34 | Create | Gbeto ×5 |
| 19:34 | Create | Gbeto ×5 |
| 19:35 | Create | Gbeto ×5 |
| 19:35 | Create | Gbeto ×5 |
| 19:35 | Create | Gbeto ×5 |
| 19:42 | Create | Villager (Male) |
| 19:42 | Create | Villager (Male) |
| 19:43 | Create | Villager (Male) |
| 19:43 | Create | Villager (Male) |
| 19:44 | Create | Villager (Male) |
| 19:44 | Create | Villager (Male) |
| 19:44 | Create | Villager (Male) |
| 19:45 | Create | Villager (Male) |
| 19:45 | Create | Villager (Male) |
| 19:46 | Create | Villager (Male) |
| 19:54 | Build | Siege Workshop |
| 19:57 | Build | Siege Workshop |
| 19:58 | Build | Siege Workshop |
| 19:59 | Build | Siege Workshop |
| 20:01 | Build | Siege Workshop |
| 20:02 | Build | Siege Workshop |
| 20:04 | Build | Siege Workshop |
| 20:06 | Build | Siege Workshop |
| 23:39 | Create | Mangonel ×5 |
| 23:39 | Create | Mangonel ×5 |
| 23:39 | Create | Mangonel ×5 |
| 23:40 | Create | Mangonel ×5 |
| 23:40 | Create | Mangonel ×5 |
| 23:40 | Create | Mangonel ×5 |
| 23:41 | Create | Mangonel ×5 |
| 23:41 | Create | Mangonel ×5 |
| 23:41 | Create | Mangonel ×5 |
| 23:41 | Create | Mangonel ×5 |
| 23:42 | Create | Mangonel ×5 |
| 23:44 | Create | Gbeto ×5 |
| 23:44 | Create | Gbeto ×5 |
| 23:45 | Create | Gbeto ×5 |
| 23:45 | Create | Gbeto ×5 |
| 23:46 | Create | Gbeto ×5 |
| 23:46 | Create | Gbeto ×5 |
| 23:46 | Create | Gbeto ×5 |
| 23:47 | Create | Gbeto ×5 |
| 24:13 | Create | Mangonel ×5 |
| 24:13 | Create | Mangonel ×5 |
| 24:13 | Create | Mangonel ×5 |
| 24:14 | Create | Mangonel ×5 |
| 24:14 | Create | Mangonel ×5 |
| 24:15 | Create | Mangonel ×5 |
Build order — zeta
First 150 of 296 actions detected
| 0:12 | Research | Tusk Swords |
| 0:14 | Research | Bodkin Arrow |
| 0:15 | Research | Chain Barding Armor |
| 0:16 | Research | Chain Mail Armor |
| 0:16 | Research | Iron Casting |
| 0:17 | Research | Leather Archer Armor |
| 0:17 | Research | Ballistics |
| 0:21 | Create | Ballista Elephant ×5 |
| 0:21 | Create | Ballista Elephant ×5 |
| 0:21 | Create | Ballista Elephant ×5 |
| 0:22 | Create | Ballista Elephant ×5 |
| 0:22 | Create | Ballista Elephant ×5 |
| 0:22 | Create | Ballista Elephant ×5 |
| 0:23 | Create | Ballista Elephant ×5 |
| 0:23 | Create | Ballista Elephant ×5 |
| 0:23 | Create | Ballista Elephant ×5 |
| 0:23 | Create | Ballista Elephant ×5 |
| 4:35 | Create | Ballista Elephant ×5 |
| 4:35 | Create | Ballista Elephant ×5 |
| 4:35 | Create | Ballista Elephant ×5 |
| 4:36 | Create | Ballista Elephant ×5 |
| 4:36 | Create | Ballista Elephant ×5 |
| 4:36 | Create | Ballista Elephant ×5 |
| 4:36 | Create | Ballista Elephant ×5 |
| 4:37 | Create | Ballista Elephant ×5 |
| 4:37 | Create | Ballista Elephant ×5 |
| 4:37 | Create | Ballista Elephant ×5 |
| 4:38 | Create | Ballista Elephant ×4 |
| 5:01 | Create | Ballista Elephant ×3 |
| 5:38 | Create | Ballista Elephant ×5 |
| 8:09 | Research | Bracer |
| 8:10 | Research | Ring Archer Armor |
| 8:10 | Research | Parthian Tactics |
| 8:11 | Research | Chemistry |
| 8:12 | Research | Plate Barding Armor |
| 8:12 | Research | Blast Furnace |
| 8:14 | Research | Elite Ballista Elephant (upgrade) |
| 8:14 | Research | Conscription |
| 10:18 | Create | Ballista Elephant ×5 |
| 10:18 | Create | Ballista Elephant ×5 |
| 10:19 | Create | Ballista Elephant ×5 |
| 10:19 | Create | Ballista Elephant ×5 |
| 10:19 | Create | Ballista Elephant ×5 |
| 10:20 | Create | Ballista Elephant ×5 |
| 10:20 | Create | Ballista Elephant ×5 |
| 10:20 | Create | Ballista Elephant ×5 |
| 10:20 | Create | Ballista Elephant ×5 |
| 12:02 | Create | Ballista Elephant ×5 |
| 12:02 | Create | Ballista Elephant ×5 |
| 12:03 | Create | Ballista Elephant ×5 |
| 12:03 | Create | Ballista Elephant ×5 |
| 12:03 | Create | Ballista Elephant ×5 |
| 12:03 | Create | Ballista Elephant ×4 |
| 13:52 | Create | Ballista Elephant ×5 |
| 13:52 | Create | Ballista Elephant ×5 |
| 13:52 | Create | Ballista Elephant ×5 |
| 13:53 | Create | Ballista Elephant ×5 |
| 13:53 | Create | Ballista Elephant |
| 13:57 | Create | Ballista Elephant ×5 |
| 13:57 | Create | Ballista Elephant ×5 |
| 13:57 | Create | Ballista Elephant ×5 |
| 13:58 | Create | Ballista Elephant ×3 |
| 13:58 | Create | Ballista Elephant ×3 |
| 16:14 | Create | Ballista Elephant ×5 |
| 16:15 | Create | Ballista Elephant ×5 |
| 16:15 | Create | Ballista Elephant ×5 |
| 16:15 | Create | Ballista Elephant ×5 |
| 16:15 | Create | Ballista Elephant ×5 |
| 16:16 | Create | Ballista Elephant ×5 |
| 16:16 | Create | Ballista Elephant ×5 |
| 16:16 | Create | Ballista Elephant ×5 |
| 16:56 | Create | Ballista Elephant ×5 |
| 16:57 | Create | Ballista Elephant ×5 |
| 16:57 | Create | Ballista Elephant ×5 |
| 17:39 | Create | Ballista Elephant ×2 |
| 17:40 | Create | Ballista Elephant ×2 |
| 20:01 | Create | Ballista Elephant ×5 |
| 20:02 | Create | Ballista Elephant ×5 |
| 20:02 | Create | Ballista Elephant ×5 |
| 20:02 | Create | Ballista Elephant ×5 |
| 20:03 | Create | Ballista Elephant ×5 |
| 20:03 | Create | Ballista Elephant ×5 |
| 34:13 | Create | Ballista Elephant ×5 |
| 34:13 | Create | Ballista Elephant ×5 |
| 34:14 | Create | Ballista Elephant ×5 |
| 34:14 | Create | Ballista Elephant ×5 |
| 34:14 | Create | Ballista Elephant ×5 |
| 34:14 | Create | Ballista Elephant ×5 |
| 34:53 | Create | Ballista Elephant ×5 |
| 34:53 | Create | Ballista Elephant ×5 |
| 34:53 | Create | Ballista Elephant ×5 |
| 34:54 | Create | Ballista Elephant ×5 |
| 34:54 | Create | Ballista Elephant ×5 |
| 34:56 | Create | Ballista Elephant ×5 |
| 34:56 | Create | Ballista Elephant ×5 |
| 34:56 | Create | Ballista Elephant ×5 |
| 34:56 | Create | Ballista Elephant ×5 |
| 34:57 | Create | Ballista Elephant ×5 |
| 34:57 | Create | Ballista Elephant ×5 |
| 35:17 | Create | Ballista Elephant ×5 |
| 35:18 | Create | Ballista Elephant ×5 |
| 35:41 | Create | Ballista Elephant ×5 |
| 35:41 | Create | Ballista Elephant ×5 |
| 36:29 | Create | Ballista Elephant ×5 |
| 36:30 | Create | Ballista Elephant ×5 |
| 36:30 | Create | Ballista Elephant ×5 |
| 36:30 | Create | Ballista Elephant ×5 |
| 36:41 | Build | Castle |
| 36:43 | Build | Castle |
| 36:45 | Build | Castle |
| 36:53 | Create | Ballista Elephant ×5 |
| 37:42 | Create | Ballista Elephant ×5 |
| 37:42 | Create | Ballista Elephant ×5 |
| 37:43 | Create | Ballista Elephant ×5 |
| 38:19 | Create | Ballista Elephant ×5 |
| 38:20 | Create | Ballista Elephant ×5 |
| 38:20 | Create | Ballista Elephant ×5 |
| 38:20 | Create | Ballista Elephant ×5 |
| 38:20 | Create | Ballista Elephant ×5 |
| 38:21 | Create | Ballista Elephant ×5 |
| 40:01 | Create | Ballista Elephant ×5 |
| 40:01 | Create | Ballista Elephant ×5 |
| 40:02 | Create | Ballista Elephant ×5 |
| 40:02 | Create | Ballista Elephant ×5 |
| 40:02 | Create | Ballista Elephant ×5 |
| 40:02 | Create | Ballista Elephant ×5 |
| 40:03 | Create | Ballista Elephant ×5 |
| 40:03 | Create | Ballista Elephant ×5 |
| 40:03 | Create | Ballista Elephant ×5 |
| 40:03 | Create | Ballista Elephant ×5 |
| 41:31 | Create | Ballista Elephant ×5 |
| 41:31 | Create | Ballista Elephant ×5 |
| 41:32 | Create | Ballista Elephant ×5 |
| 41:32 | Create | Ballista Elephant ×5 |
| 41:32 | Create | Ballista Elephant ×5 |
| 41:32 | Create | Ballista Elephant ×5 |
| 41:33 | Create | Ballista Elephant ×5 |
| 41:33 | Create | Ballista Elephant ×5 |
| 41:33 | Create | Ballista Elephant ×5 |
| 41:33 | Create | Ballista Elephant ×5 |
| 41:34 | Create | Ballista Elephant ×4 |
| 41:36 | Create | Ballista Elephant |
| 42:09 | Create | Ballista Elephant ×5 |
| 42:09 | Create | Ballista Elephant ×5 |
| 42:09 | Create | Ballista Elephant ×5 |
| 42:09 | Create | Ballista Elephant |
| 42:52 | Create | Ballista Elephant ×5 |
| 42:52 | Create | Ballista Elephant ×5 |
| 42:53 | Create | Ballista Elephant ×5 |
| 42:53 | Create | Ballista Elephant ×2 |
Match timeline
| 15:27 | Di guo小师弟 · first_building Castle |
| 19:54 | Di guo小师弟 · first_building Siege Workshop |
| 24:13 | 魯拉拉 · first_building Castle |
| 27:37 | CHAN · first_building Castle |
| 29:57 | [B] AZAR300 · first_building Castle |
| 30:03 | [B] AZAR300 · first_building Siege Workshop |
| 31:30 | CHAN · first_building Siege Workshop |
| 32:05 | 賀翔 · first_building Castle |
| 33:38 | 東 · first_building Castle |
| 33:44 | 東 · first_building Siege Workshop |
| 36:36 | AI水手全面進攻了 · first_building Castle |
| 36:41 | zeta · first_building Castle |
| 37:24 | 魯拉拉 · first_building Siege Workshop |
| 39:53 | AI水手全面進攻了 · first_building Siege Workshop |
| 44:31 | zeta · first_building Siege Workshop |
| 46:35 | 賀翔 · first_building Siege Workshop |
| 48:55 | [B] AZAR300 · first_building Stable |
| 56:09 | [B] AZAR300 · resign |
[ AI ANALYSIS · 1 CREDIT ]
What really happened in this match?
Wolo.gg analyzes every decision: build order, eco, micro, common mistakes by bracket. Personalized analysis on WhatsApp or Discord in 30 seconds.
Civ guide
Wei
Perfil
Jugador #14429281